 Dungeon Crawl Stone Soup version 0.23.1 (webtiles) character file.

Game seed: 7730460540976361484

8110 Kairos the Cleaver (level 11, -2/56 HPs)
             Began as a Vine Stalker Fighter on Mar 6, 2019.
             Slain by a wraith (3 damage)
             ... led by Josephine
             ... on level 10 of the Dungeon.
             The game lasted 00:13:45 (6668 turns).

Kairos the Cleaver (Vine Stalker Fighter)           Turns: 6668, Time: 00:13:45

Health: -2/56      AC: 13    Str: 23    XL:     11   Next: 25%
Magic:  0/12       EV:  9    Int:  8    God:
Gold:   356        SH: 11    Dex: 18    Spells: 10/10 levels left

rFire    + . .     SeeInvis +   D - +7 mace of Kismet {freeze, SInv}
rCold    . . .     Gourm    .   c - +0 shield
rNeg     . . .     Faith    .   H - +4 ring mail {rF+}
rPois    .         Spirit   +   u - +1 helmet
rElec    .         Reflect  .   F - scarf {repulsion}
rCorr    .         Harm     .   b - +0 pair of gloves
MR       +....                  (no boots)
Stlth    ..........             o - amulet of magic regeneration
HPRegen  0.58/turn              n - ring of see invisible
MPRegen  0.38/turn              r - +5 ring of dexterity

@: about to teleport, silence, slowed, heavily drained, repel missiles, very
slow
A: fangs 3, regeneration 1, magic shield, antimagic bite, no potion heal 3, rot
immunity
a: no special abilities


You were on level 10 of the Dungeon.
You were not hungry.

You visited 1 branch of the dungeon, and saw 12 of its levels.

You collected 600 gold pieces.
You spent 244 gold pieces at shops.

Inventory:

Hand Weapons
 a - a +0 war axe
 w - a +1 hand axe of venom
 x - a +0 hand axe of electrocution
 y - a +2 mace of protection
 z - a +3 hand axe of draining
 C - a +1 flail of holy wrath
 D - the +7 mace of Kismet (weapon) {freeze, SInv}
   (You bought it in a shop on level 7 of the Dungeon)

   It has been specially enchanted to freeze those struck by it, causing extra
   injury to most foes and up to half again as much damage against particularly
   susceptible opponents.
   It can also slow down cold-blooded creatures.
   It lets you see invisible.
 L - a +0 broad axe
Missiles
 i - 3 throwing nets (quivered)
Armour
 b - a +0 pair of gloves (worn)
 c - a +0 shield (worn)
 q - a +0 chain mail
 s - a +0 cloak
 u - a +1 helmet (worn)
 F - a scarf of repulsion (worn)
 H - a +4 ring mail of fire resistance (worn)
Magical Staves
 K - an uncursed staff of death {unknown}
Jewellery
 n - a ring of see invisible (left hand)
 o - an amulet of magic regeneration (around neck)
 r - a +5 ring of dexterity (right hand)
Wands
 m - a wand of disintegration (37)
 B - a wand of scattershot (4)
 E - a wand of acid (22)
Scrolls
 g - 6 scrolls of teleportation
 k - a scroll of enchant armour {unknown}
 l - 2 scrolls of fog
 t - a scroll of immolation
 J - a scroll of identify
Potions
 d - a potion of might
 h - a potion of magic {unknown}
 j - 3 potions of flight
 p - 8 potions of heal wounds {unknown}
 v - 2 potions of agility {unknown}
 A - 2 potions of curing {unknown}
 G - a potion of haste
 I - a potion of brilliance {unknown}
Comestibles
 f - 14 rations
 M - 4 chunks of flesh


   Skills:
 + Level 6.0(4.4) Fighting
 + Level 10.2(8.3) Axes
 + Level 6.9(5.2) Armour
 + Level 2.5(1.0) Dodging
 + Level 1.8(0.3) Stealth
 + Level 7.9(6.1) Shields


You had 10 spell levels left.
You didn't know any spells.
Your spell library contained the following spells:

 Spells                   Type           Power        Failure   Level  Hunger
 Confusing Touch          Hex            #.....       91%         1    ##.....
 Magic Dart               Conj           #...         91%         1    ##.....
 Searing Ray              Conj           #.....       97%         2    ###....
 Confuse                  Hex            #.......     99%         3    ####...
 Dazzling Spray           Conj/Hex       #.....       99%         3    ####...
 Gell's Gravitas          Tloc           #.........   99%         3    ####...
 Force Lance              Conj/Tloc      #.......     100%        4    #####..
 Fulminant Prism          Conj/Hex       #.........   100%        4    #####..
 Iskenderun's Mystic Bla  Conj           #.......     100%        4    #####..
 Petrify                  Tmut/Erth      #.......     100%        4    #####..
 Metabolic Englaciation   Hex/Ice        #.........   100%        5    ######.
 Yara's Violent Unravell  Hex/Tmut       #.........   100%        5    ######.


Dungeon Overview and Level Annotations

Branches:
Dungeon (12/15)              Lair (0/6) D:8             Orc (0/2) D:9
 Temple: D:4-7

Altars:
Ashenzari
Dithmenos
Gozag
Hepliaklqana
Makhleb
Sif Muna
Trog
Wu Jian
Xom
The Shining One

Shops:
D:5 %   D:7 (   D:12 (

Annotations:
D:8 exclusion: ice statue
D:10 2 transporters, Josephine


Innate Abilities, Weirdness & Mutations

You have razor-sharp teeth.
Your natural rate of healing is unusually fast.
When hurt, damage is shared between your health and your magic reserves.
Your bite disrupts and absorbs the magic of your enemies.
Potions cannot restore your health.
You are immune to rotting.


Message History

The wraith drains your vigour!
You feel yourself slow down. You block the wraith's attack.
As you read the scroll of teleportation, it crumbles to dust.
You feel strangely unstable. Josephine hits you but does no damage.
The wraith hits you.
* * * LOW HITPOINT WARNING * * *
The wraith hits you.
* * * LOW HITPOINT WARNING * * *
The wraith drains your vigour!
You feel as though you will be slow longer.
As you read the scroll labeled MOTA DUPUNEN, it crumbles to dust.
A profound silence engulfs you.
It was a scroll of silence.
Josephine barely misses you. The wraith barely misses you.
You block the wraith's attack. You block Josephine's attack.
The wraith hits you!
* * * LOW HITPOINT WARNING * * *
The wraith drains your vigour!
You feel as though you will be slow longer.
The wraith hits you.
You die...

#......#
#......#
#......#
#......#
#......' #.
#.....W# +##.#
#. #....W@#
....# ####.
#...SW@####.....
.....
#...............
.....
#...............
.....
#####...........
.....
#..))....###
##...
#.......##.#
##..
#...(..##..#©
.##.
#......#J....
.=.#.
#...(..###...
###.


You could see Josephine, 3 wraiths and an adder.

Vanquished Creatures
  Erolcha (D:10)
  Maurice (D:9)
  A centaur zombie (D:10)
  Joseph (D:9)
  Psyche (D:9)
  A merfolk (D:9)
  A troll (D:10)
  3 hippogriffs
  Sigmund (D:5)
  A hungry ghost (D:8)
  7 yaks (D:10)
  2 ice beasts (D:9)
  2 sky beasts (D:7)
  A black bear (D:7)
  2 ogres (D:9)
  3 phantoms
  A crocodile (D:10)
  4 centaurs
  2 big kobolds (D:8)
  A gnoll sergeant (D:7)
  7 bullfrogs
  11 howler monkeys
  A crimson imp (D:5)
  A bullfrog zombie (D:10)
  6 orc priests
  6 orc wizards
  3 hounds
  2 jellies (D:8)
  A gnoll shaman (D:7)
  2 bullfrog skeletons
  Terence (D:2)
  Natasha (thrice) (D:2)
  4 iguanas
  9 worker ants
  A hound zombie (D:9)
  A hound skeleton (D:9)
  Robin (D:2)
  11 gnolls
  12 adders
  A white imp (D:5)
  An ooze (D:1)
  An adder skeleton (D:9)
  An adder zombie (D:9)
  A dart slug (D:4)
  2 worms
  12 leopard geckos
  31 orcs
  4 bats
  7 giant cockroaches
  13 hobgoblins
  9 jackals
  14 kobolds
  3 quokkas
  5 frilled lizards
  A giant cockroach zombie (D:5)
  20 goblins
  A goblin skeleton (D:5)
  A goblin zombie (D:5)
  2 hobgoblin zombies (D:5)
  3 kobold skeletons (D:5)
  3 kobold zombies (D:5)
  2 orc skeletons (D:5)
  An orc zombie (D:5)
  3 rats (D:1)
262 creatures vanquished.

Notes
Turn   | Place    | Note
-------+----------+-------------------------------------------
     0 | D:1      | Kairos the Vine Stalker Fighter began the quest for the
                  | Orb.
     0 | D:1      | Reached XP level 1. HP: 11/11 MP: 2/2
    66 | D:1      | Reached XP level 2. HP: 16/16 MP: 3/3
   422 | D:1      | Reached skill level 2 in Axes
   424 | D:1      | Reached XP level 3. HP: 14/20 MP: 2/4
   863 | D:2      | Noticed Terence
   866 | D:2      | Gained mutation: Your natural rate of healing is unusually
                  | fast. [Vine Stalker growth]
   866 | D:2      | Reached XP level 4. HP: 24/24 MP: 5/5
   879 | D:2      | Killed Terence
   879 | D:2      | Reached skill level 3 in Axes
   924 | D:2      | Noticed Natasha
   930 | D:2      | Killed Natasha
   930 | D:2      | Reached XP level 5. HP: 24/28 MP: 6/6
  1068 | D:2      | Noticed Natasha
  1081 | D:2      | Killed Natasha
  1087 | D:2      | Noticed Robin
  1088 | D:2      | Noticed Natasha
  1125 | D:2      | Killed Robin
  1130 | D:2      | Killed Natasha
  1169 | D:2      | Found a shadowy altar of Dithmenos.
  1562 | D:3      | Found a hazy altar of Hepliaklqana.
  1571 | D:3      | Reached XP level 6. HP: 32/32 MP: 7/7
  1660 | D:3      | Reached skill level 4 in Axes
  1707 | D:3      | Found a burning altar of Makhleb.
  2137 | D:4      | Reached XP level 7. HP: 29/36 MP: 6/8
  2281 | D:4      | Reached skill level 1 in Stealth
  2631 | D:5      | Entered Level 5 of the Dungeon
  2759 | D:5      | Found an opulent altar of Gozag.
  2774 | D:5      | Reached skill level 5 in Shields
  2777 | D:5      | Reached skill level 5 in Axes
  2782 | D:5      | Gained mutation: You have razor-sharp teeth. [Vine Stalker
                  | growth]
  2782 | D:5      | Reached XP level 8. HP: 34/41 MP: 9/9
  2853 | D:5      | Noticed Sigmund
  2877 | D:5      | Killed Sigmund
  3076 | D:5      | Found Mobb's Food Emporium.
  3131 | D:5      | Found a glowing golden altar of the Shining One.
  3313 | D:6      | You fall through a shaft for 2 floors!
  3314 | D:8      | Noticed an ice statue
  3322 | D:8      | Noticed a hippogriff
  3332 | D:8      | Killed a hippogriff
  3383 | D:8      | Reached skill level 6 in Axes
  3421 | D:8      | Found a staircase to the Lair.
  3421 | D:8      | Found a bloodstained altar of Trog.
  3501 | D:8      | Reached XP level 9. HP: 44/46 MP: 10/10
  3610 | D:8      | Reached skill level 5 in Armour
  3665 | D:8      | Found a shimmering altar of Xom.
  3980 | D:7      | Reached skill level 7 in Axes
  3996 | D:7      | Reached skill level 1 in Dodging
  4117 | D:7      | Found a shattered altar of Ashenzari.
  4511 | D:7      | Found Hulluv's Antique Weapon Emporium.
  4844 | D:7      | Bought a dazzling mace for 200 gold pieces
  5209 | D:9      | Reached skill level 8 in Axes
  5250 | D:9      | Reached skill level 5 in Fighting
  5250 | D:9      | Reached XP level 10. HP: 51/51 MP: 11/11
  5316 | D:9      | Found an ornate altar of the Wu Jian Council.
  5322 | D:9      | Noticed Psyche
  5364 | D:9      | Noticed Maurice
  5387 | D:9      | Killed Maurice
  5524 | D:9      | Found a staircase to the Orcish Mines.
  5684 | D:9      | Noticed Joseph
  5697 | D:9      | Killed Joseph
  5756 | D:9      | Reached skill level 9 in Axes
  5854 | D:9      | Killed Psyche
  5954 | D:9      | Found a shimmering altar of Xom.
  5955 | D:9      | Found the +7 mace of Variability {chain chaos}
  5955 | D:9      | You fall through a shaft for 3 floors!
  5986 | D:12     | Noticed a green ugly thing
  6013 | D:12     | Found Obiproasi's Weapon Boutique.
  6021 | D:12     | Bought a +0 broad axe for 44 gold pieces
  6053 | D:11     | Noticed Erolcha
  6056 | D:10     | Entered Level 10 of the Dungeon
  6067 | D:10     | Killed Erolcha
  6329 | D:10     | Reached XP level 11. HP: 51/56 MP: 12/12
  6479 | D:10     | Found a deep blue altar of Sif Muna.
  6499 | D:10     | Reached skill level 10 in Axes
  6615 | D:10     | Found a transporter.
  6641 | D:10     | Found a transporter.
  6656 | D:10     | Noticed Josephine
  6663 | D:10     | Identified the +7 mace of Kismet {freeze, SInv} (You bought
                  | it in a shop on level 7 of the Dungeon)
  6668 | D:10     | HP: 1/56 [wraith[Josephine] (4)]
  6668 | D:10     | Slain by a wraith

Skill      XL: |  1  2  3  4  5  6  7  8  9 10 11 |
---------------+----------------------------------+-----
Shields        | 3 4 5 6 7 |  7.9
Fighting       | 3 4 5 6 |  6.0
Axes           | 2 3 4 5 6 8 9 10 | 10.2
Armour         | 3 4 5 6 |  6.9
Stealth        | 1 |  1.8
Dodging        | 1 2 |  2.5

Action                   |  1- 3 |  4- 6 |  7- 9 | 10-12 || total
-------------------------+-------+-------+-------+-------++-------
Melee: War axe           |    72 |   132 |    31 |       ||   235
       Bite              |    12 |    46 |   149 |    96 ||   303
       Hand axe          |       |       |   326 |   206 ||   532
       Mace              |       |       |       |     3 ||     3
  Use: Scroll            |     2 |     1 |     8 |     4 ||    15
       Potion            |       |       |       |     1 ||     1
  Eat: Chunk             |       |     4 |     7 |     5 ||    16
       Ration            |       |       |     2 |       ||     2
Armor: Scale mail        |    17 |       |       |       ||    17
       Chain mail        |    12 |    72 |   144 |    17 ||   245
       Ring mail         |       |       |       |    48 ||    48
Dodge: Dodged            |    17 |    32 |    76 |    55 ||   180
       Deflected         |       |       |       |     5 ||     5
Block: Shield            |    35 |    86 |   194 |   110 ||   425
